 Dungeon Crawl Stone Soup version 0.25.1-8-g42b30a86e7 (webtiles) character file.

Game seed: 1434024575387506116

393 Descartes the Covered (level 6, -1/41 HPs)
             Began as a Demonspawn Wanderer on Dec 27, 2020.
             Slain by an ogre
             ... wielding a +0 giant club
              (17 damage)
             ... on level 4 of the Dungeon.
             The game lasted 00:05:51 (4591 turns).

Descartes the Covered (Demonspawn Wanderer)         Turns: 4591, Time: 00:05:52

Health: -1/41      AC: 15    Str: 13    XL:     6   Next: 51%
Magic:  7/7        EV:  8    Int: 14    God:
Gold:   164        SH:  4    Dex: 13    Spells: 6/7 levels left

rFire    . . .     SeeInvis .   v - +2 trident (vorpal)
rCold    . . .     Gourm    .   w - +0 buckler
rNeg     . . .     Faith    .   b - +2 scale mail
rPois    .         Spirit   .   (helmet restricted)
rElec    .         Reflect  .   (no cloak)
rCorr    .         Harm     .   (no gloves)
MR       .....                  (no boots)
Stlth    ..........             (no amulet)
HPRegen  0.13/turn              q - +4 ring of protection
MPRegen  0.10/turn              (no ring)

@: no status effects
A: horns 2, iridescent scales 1
a: no special abilities


You were on level 4 of the Dungeon.
You were near starving.

You visited 1 branch of the dungeon, and saw 4 of its levels.

You collected 164 gold pieces.

Inventory:

Hand Weapons
 a - a +0 hand axe
 v - a +2 vorpal trident (weapon)
Missiles
 f - 126 stones (quivered)
 j - 75 sling bullets
 l - 29 arrows
 o - 48 bolts
Armour
 b - a +2 scale mail (worn)
 t - a +0 plate armour
 w - a +0 buckler (worn)
Jewellery
 q - a +4 ring of protection (left hand)
 y - an uncursed ring of see invisible {unknown}
Scrolls
 c - 4 scrolls of identify {unknown}
 e - 2 scrolls of magic mapping {unknown}
 h - a scroll of teleportation {unknown}
 i - a scroll of enchant armour {unknown}
 k - 3 scrolls of remove curse {unknown}
 r - a scroll of noise {unknown}
 u - a scroll of blinking {unknown}
 x - a scroll of fear {unknown}
Potions
 g - 2 potions of flight {unknown}
 m - a potion of heal wounds {unknown}
 n - a potion of brilliance {unknown}
 p - a potion of might {unknown}
 s - a potion of mutation {unknown}
 z - a potion of resistance {unknown}
 A - a potion of ambrosia {unknown}
Comestibles
 d - 5 rations


   Skills:
 - Level 1.7 Axes
 + Level 6.3 Armour
 + Level 2.3 Shields
 - Level 1.0 Spellcasting
 - Level 2.0 Summonings
   Level 1.0 Evocations


You had 6 spell levels left.
You knew the following spells:

 Your Spells              Type           Power        Failure   Level  Hunger
a - Summon Butterflies    Summ           #.......     50%         1    ##.....

Your spell library contained the following spells:

 Spells                   Type           Power        Failure   Level  Hunger
 Summon Guardian Golem    Hex/Summ       #.......     95%         3    ####...


Dungeon Overview and Level Annotations

Branches:
Dungeon (4/15)
 Temple: D:4-7

Altars:
Gozag
Nemelex Xobeh
Zin


Innate Abilities, Weirdness & Mutations

You have a pair of horns on your head.
You are partially covered in iridescent scales. (AC +2)


Message History

You are too injured to fight recklessly!
You are too injured to fight recklessly!
You are too injured to fight recklessly!
You are too injured to fight recklessly!
You are too injured to fight recklessly!
You are too injured to fight recklessly!
You are too injured to fight recklessly!
You are too injured to fight recklessly!
You are too injured to fight recklessly!
You are too injured to fight recklessly!
You are too injured to fight recklessly!
You are too injured to fight recklessly!
You are too injured to fight recklessly!
You are too injured to fight recklessly!
You are too injured to fight recklessly!
You are too injured to fight recklessly!
You hit the ogre but do no damage.
The ogre is heavily wounded.
The ogre hits you with a +0 giant club!
You die...

#####
#######.####.#
#......#####>
#####........
#.####### #.#
#.# #.# ###.#
#.@.# #O### #.
#. #. #. #. #.


You could see an ogre.

Vanquished Creatures
  An ogre (D:4)
  A jelly (D:4)
  A centaur skeleton (D:3)
  An iguana (D:3)
  Natasha (thrice) (D:2)
  2 worker ants (D:4)
  3 adders (D:2)
  A worm (D:3)
  A dart slug (D:1)
  2 leopard geckos
  An orc (D:3)
  A giant cockroach (D:3)
  11 hobgoblins
  7 jackals
  3 quokkas
  3 ball pythons
  7 bats
  7 frilled lizards
  10 goblins
  8 kobolds
  2 rats (D:3)
76 creatures vanquished.

Notes
Turn   | Place    | Note
-------+----------+-------------------------------------------
     0 | D:1      | Descartes the Demonspawn Wanderer began the quest for the
                  | Orb.
     0 | D:1      | Descartes set off with the following items: a +0 hand axe,
                  | a +2 scale mail, a ration; and the following spell
                  | memorised: Summon Butterflies; and the following spells
                  | available to memorise: Summon Guardian Golem
     0 | D:1      | Reached XP level 1. HP: 13/13 MP: 2/2
   278 | D:1      | Reached skill level 3 in Armour
   287 | D:1      | Gained mutation: You are partially covered in iridescent
                  | scales. (AC +2) [demonic ancestry]
   287 | D:1      | Reached XP level 2. HP: 15/19 MP: 3/3
   571 | D:1      | You fall into a shaft and drop 1 floor!
   649 | D:2      | Gained mutation: You have a pair of small horns on your
                  | head. [demonic ancestry]
   649 | D:2      | Reached XP level 3. HP: 24/24 MP: 4/4
   843 | D:2      | Found a sparkling altar of Nemelex Xobeh.
   911 | D:2      | Noticed Natasha
   919 | D:2      | Killed Natasha
   919 | D:2      | Reached skill level 4 in Armour
  1192 | D:2      | Noticed Natasha
  1200 | D:2      | Killed Natasha
  1200 | D:2      | Reached XP level 4. HP: 19/30 MP: 5/5
  2080 | D:2      | Noticed Natasha
  2092 | D:2      | Killed Natasha
  2092 | D:2      | Reached skill level 5 in Armour
  2333 | D:2      | Found an opulent altar of Gozag.
  2390 | D:2      | Reached XP level 5. HP: 17/35 MP: 6/6
  3093 | D:3      | Found a glowing silver altar of Zin.
  4106 | D:4      | Reached skill level 6 in Armour
  4109 | D:4      | Gained mutation: You have a pair of horns on your head.
                  | [demonic ancestry]
  4109 | D:4      | Reached XP level 6. HP: 22/41 MP: 7/7
  4591 | D:4      | Slain by an ogre

Illustrated notes

Levels and vault maps discovered:
D:1:      lightli_arrival_chessboard, layout_loops_corners
D:2:      layout_basic, nicolae_gozag_seed_capital,
          nemelex_xobeh_ov_fountains_minmay, uniq_natasha
D:3:      layout_basic, overflow_temple_1_default, minmay_bisected
D:4:      layout_loops_ring, minmay_temple_entry_offerings, first_ration

Skill      XL: |  1  2  3  4  5  6 |
---------------+-------------------+-----
Armour         | 3 4 5 6 |  6.3
Shields        | 2 |  2.3
Axes           | |  1.7
Spellcasting   | |  1.0
Summonings     | |  2.0
Evocations     | |  1.0

Action                   |  1- 3 |  4- 6 || total
-------------------------+-------+-------++-------
Melee: Hand axe          |   110 |   113 ||   223
       Headbutt          |     4 |    21 ||    25
       Trident           |       |    55 ||    55
  Eat: Chunk             |     1 |     9 ||    10
Armor: Scale mail        |    83 |    94 ||   177
Dodge: Dodged            |    65 |    72 ||   137
Block: Buckler           |       |    10 ||    10
